General information
- name: BNet
- type: Ladder team game (AT/RT)
- host: Battle.net
- saver: KrustyKrabPizza
map: Deadlock
- players: 8
- length: 49:44
- speed: Fast
- version: 1.26 W3XP
- replay type: Public
» download(246 KB)
Players
team 1 (loser)
1000-SIT-UPS (
green | 62 APM | 3081 actions | 49:43)
4 Mountain King
2 Storm Bolt
2 Bash
3 Beastmaster
2 Summon Quilbeast
1 Summon Hawk
» actions
| Assign group hotkey | 50 | |
| Basic commands | 2 | |
| Build / train | 98 | |
| ESC pressed | 1 | |
| Enter build submenu | 22 | |
| Enter hero's abilities submenu | 7 | |
| Remove unit from queue | 2 | |
| Right click | 1406 | |
| Select / deselect | 348 | |
| Select group hotkey | 989 | |
| Use ability | 156 | |
3081 total
» units
| Peasant | 19 | |
| Siege Engine | 12 | |
| Flying Machine | 3 | |
34 total
» upgrades
| Masonry | 3 | |
| Lumber Harvesting | 2 | |
| Gunpowder | 3 | |
| Plating | 3 | |
| Barrage | 1 | |
12 total
» buildings
| Altar of Kings | 1 | |
| Barracks | 1 | |
| Farm | 12 | |
| Scout Tower | 26 | |
| Lumber Mill | 1 | |
| Arcane Tower | 2 | |
| Keep | 1 | |
| Arcane Vault | 1 | |
| Town Hall | 1 | |
| Guard Tower | 14 | |
| Blacksmith | 1 | |
| Castle | 1 | |
| Workshop | 3 | |
65 total
» build order
00:08 Altar of Kings
00:20 Barracks
00:37 Farm
00:51 Farm
01:37 Scout Tower
01:43 Farm
02:04 Lumber Mill
02:09 Arcane Tower
02:09 Arcane Tower
02:38 Keep
02:56 Arcane Vault
04:34 Town Hall
04:36 Scout Tower
04:36 Scout Tower
04:37 Scout Tower
04:37 Scout Tower
05:21 Guard Tower
05:36 Scout Tower
05:36 Scout Tower
06:05 Blacksmith
06:09 Guard Tower
06:29 Guard Tower
06:49 Scout Tower
06:49 Scout Tower
06:50 Scout Tower
06:54 Guard Tower
07:02 Scout Tower
07:03 Scout Tower
07:05 Scout Tower
07:05 Scout Tower
07:36 Guard Tower
08:33 Castle
08:35 Guard Tower
08:38 Workshop
09:18 Guard Tower
09:22 Workshop
09:25 Farm
09:25 Farm
09:25 Farm
09:29 Farm
09:29 Farm
10:22 Scout Tower
10:23 Scout Tower
10:26 Scout Tower
11:28 Guard Tower
11:33 Workshop
11:53 Guard Tower
12:38 Scout Tower
12:39 Scout Tower
12:39 Scout Tower
12:39 Scout Tower
12:42 Scout Tower
12:42 Scout Tower
12:44 Scout Tower
12:45 Scout Tower
13:18 Guard Tower
13:26 Guard Tower
13:26 Guard Tower
13:56 Guard Tower
16:20 Farm
16:21 Farm
16:21 Farm
16:21 Farm
» items
| Scroll of Regeneration | 5 | |
| Lesser Clarity Potion | 1 | |
| Ivory Tower | 3 | |
| Staff of Sanctuary | 1 | |
| Scroll of Town Portal | 4 | |
| Potion of Mana | 1 | |
| Potion of Invisibility | 3 | |
| Potion of Healing | 1 | |
| Staff of Teleportation | 2 | |
| Potion of Lesser Invulnerability | 1 | |
22 total
ticstra123 (
red | 20 APM | 443 actions | 22:29)
» actions
| Basic commands | 42 | |
| Build / train | 40 | |
| Enter build submenu | 24 | |
| Remove unit from queue | 2 | |
| Right click | 112 | |
| Select / deselect | 204 | |
| Use ability | 19 | |
443 total
» units
» upgrades
» buildings
| Ancient of War | 1 | |
| Moon Well | 9 | |
| Tree of Ages | 1 | |
| Tree of Life | 1 | |
| Altar of Elders | 1 | |
| Ancient of Wind | 1 | |
| Tree of Eternity | 1 | |
| Chimaera Roost | 3 | |
18 total
» build order
00:54 Ancient of War
01:23 Moon Well
01:26 Moon Well
02:24 Moon Well
02:28 Moon Well
03:15 Tree of Ages
03:27 Moon Well
03:28 Moon Well
04:47 Moon Well
04:49 Moon Well
06:04 Moon Well
07:09 Tree of Life
07:21 Altar of Elders
07:25 Ancient of Wind
08:35 Tree of Eternity
11:29 Chimaera Roost
11:30 Chimaera Roost
11:31 Chimaera Roost

»
fattychuckles (
orange | 45 APM | 708 actions | 15:35)
4 Blademaster
2 Wind Walk
1 Mirror Image
1 Critical Strike
1 Tauren Chieftain
1 War Stomp
1 Shadow Hunter
1 Healing Wave
» actions
| Assign group hotkey | 10 | |
| Build / train | 38 | |
| Enter build submenu | 24 | |
| Enter hero's abilities submenu | 6 | |
| Give item / drop item | 2 | |
| Right click | 212 | |
| Select / deselect | 165 | |
| Select group hotkey | 183 | |
| Use ability | 68 | |
708 total
» units
| Peon | 10 | |
| Troll Headhunter/Berserker | 6 | |
16 total
» upgrades
| Witch Doctor Training | 2 | |
| Shaman Training | 1 | |
3 total
» buildings
| Altar of Storms | 1 | |
| Orc Burrow | 8 | |
| War Mill | 1 | |
| Voodoo Lounge | 2 | |
| Barracks | 1 | |
| Stronghold | 1 | |
| Watch Tower | 4 | |
| Fortress | 1 | |
| Spirit Lodge | 2 | |
21 total
» build order
00:12 Altar of Storms
00:21 Orc Burrow
00:47 War Mill
01:23 Voodoo Lounge
01:28 Voodoo Lounge
01:55 Barracks
02:38 Orc Burrow
03:18 Stronghold
03:38 Watch Tower
04:47 Watch Tower
05:46 Orc Burrow
06:02 Orc Burrow
06:06 Fortress
06:08 Spirit Lodge
09:33 Orc Burrow
09:36 Orc Burrow
09:39 Orc Burrow
09:43 Orc Burrow
10:33 Watch Tower
10:36 Spirit Lodge
10:39 Watch Tower
» items
| Healing Salve | 1 | |
| Scroll of Healing | 1 | |
| Potion of Lesser Invulnerability | 1 | |
| Potion of Healing | 3 | |
| Potion of Mana | 2 | |
8 total
BillBurr (
pink | 30 APM | 1188 actions | 39:27)
4 Tauren Chieftain
2 Endurance Aura
2 War Stomp
2 Shadow Hunter
1 Healing Wave
1 Hex
» actions
| Assign group hotkey | 6 | |
| Basic commands | 15 | |
| Build / train | 76 | |
| Enter build submenu | 41 | |
| Enter hero's abilities submenu | 6 | |
| Right click | 371 | |
| Select / deselect | 582 | |
| Select group hotkey | 11 | |
| Use ability | 80 | |
1188 total
» units
| Peon | 36 | |
| Grunt | 8 | |
| Shaman | 4 | |
| Tauren | 5 | |
| Wind Rider | 5 | |
58 total
» upgrades
| Melee Weapons | 1 | |
| Berserker Strength | 1 | |
| Armor | 1 | |
| Shaman Training | 2 | |
| Ranged Weapons | 1 | |
6 total
» buildings
| Altar of Storms | 2 | |
| Orc Burrow | 12 | |
| Barracks | 3 | |
| Stronghold | 2 | |
| War Mill | 2 | |
| Fortress | 2 | |
| Spirit Lodge | 1 | |
| Tauren Totem | 2 | |
| Great Hall | 2 | |
| Watch Tower | 8 | |
| Beastiary | 2 | |
38 total
» build order
00:08 Altar of Storms
00:12 Orc Burrow
01:11 Orc Burrow
01:33 Barracks
01:43 Barracks
02:37 Orc Burrow
03:12 Stronghold
03:36 War Mill
04:52 Orc Burrow
05:48 Fortress
06:20 Spirit Lodge
07:41 Orc Burrow
07:49 Orc Burrow
09:40 Tauren Totem
09:54 Tauren Totem
25:13 Great Hall
25:25 Orc Burrow
26:23 Orc Burrow
27:20 Orc Burrow
28:06 War Mill
28:19 Orc Burrow
28:27 Altar of Storms
28:34 Orc Burrow
28:48 Barracks
29:28 Watch Tower
29:35 Watch Tower
30:00 Stronghold
30:08 Watch Tower
30:49 Watch Tower
30:54 Watch Tower
31:10 Watch Tower
31:21 Watch Tower
31:31 Watch Tower
32:15 Orc Burrow
32:34 Fortress
32:47 Beastiary
32:55 Beastiary
36:17 Great Hall
team 2 (winner)
KrustyKrabPizza (
teal | 57 APM | 2812 actions | 49:44)
10 Blood Mage
3 Flame Strike
3 Siphon Mana
1 Summon Phoenix
3 Banish
» actions
| Assign group hotkey | 63 | |
| Basic commands | 275 | |
| Build / train | 96 | |
| Enter build submenu | 50 | |
| Enter hero's abilities submenu | 10 | |
| Give item / drop item | 1 | |
| Remove unit from queue | 1 | |
| Right click | 1069 | |
| Select / deselect | 453 | |
| Select group hotkey | 615 | |
| Use ability | 179 | |
2812 total
» units
| Peasant | 23 | |
| Footman | 4 | |
| Sorceress | 3 | |
| Dragonhawk Rider | 2 | |
| Gryphon Rider | 3 | |
35 total
» upgrades
| Lumber Harvesting | 2 | |
| Sorceress Training | 1 | |
| Magic Sentry | 1 | |
| Masonry | 3 | |
| Plating | 0 | |
| Swords | 3 | |
| Armor | 3 | |
| Animal War Training | 1 | |
| Cloud | 1 | |
| Storm Hammers | 1 | |
16 total
» buildings
| Altar of Kings | 1 | |
| Barracks | 1 | |
| Farm | 13 | |
| Town Hall | 2 | |
| Keep | 1 | |
| Arcane Vault | 1 | |
| Arcane Sanctum | 2 | |
| Lumber Mill | 3 | |
| Scout Tower | 20 | |
| Guard Tower | 5 | |
| Castle | 1 | |
| Arcane Tower | 1 | |
| Blacksmith | 2 | |
| Gryphon Aviary | 6 | |
59 total
» build order
00:37 Altar of Kings
00:38 Barracks
00:55 Farm
00:58 Farm
01:05 Farm
01:06 Farm
01:09 Farm
02:20 Farm
03:51 Town Hall
03:58 Keep
04:28 Arcane Vault
06:29 Town Hall
07:54 Arcane Sanctum
07:56 Lumber Mill
08:51 Arcane Sanctum
08:59 Scout Tower
09:00 Scout Tower
09:04 Scout Tower
09:04 Scout Tower
09:04 Scout Tower
09:08 Scout Tower
09:08 Scout Tower
09:08 Scout Tower
09:10 Scout Tower
09:12 Scout Tower
09:49 Guard Tower
12:14 Castle
12:20 Scout Tower
12:20 Scout Tower
12:21 Scout Tower
12:22 Scout Tower
12:24 Scout Tower
12:25 Scout Tower
12:25 Scout Tower
12:29 Scout Tower
12:30 Scout Tower
14:07 Guard Tower
14:09 Guard Tower
14:11 Arcane Tower
14:13 Guard Tower
16:00 Guard Tower
16:09 Blacksmith
16:10 Blacksmith
17:55 Gryphon Aviary
17:56 Gryphon Aviary
17:56 Gryphon Aviary
17:57 Gryphon Aviary
17:58 Gryphon Aviary
17:59 Gryphon Aviary
18:03 Lumber Mill
18:31 Farm
18:32 Farm
18:32 Farm
19:04 Farm
19:06 Farm
19:07 Farm
19:11 Farm
22:40 Lumber Mill
» items
| Staff of Teleportation | 1 | |
| Healing Salve | 1 | |
| Boots of Speed | 1 | |
| Periapt of Vitality | 2 | |
| Potion of Invisibility | 2 | |
| Potion of Healing | 3 | |
| Scroll of Regeneration | 4 | |
| Potion of Mana | 3 | |
| Lesser Clarity Potion | 3 | |
| Scroll of Town Portal | 5 | |
25 total

»
eredan (
purple | 106 APM | 3313 actions | 31:18)
6 Paladin
3 Holy Light
2 Divine Shield
1 Resurrection
» actions
| Assign group hotkey | 37 | |
| Basic commands | 29 | |
| Build / train | 85 | |
| ESC pressed | 3 | |
| Enter build submenu | 57 | |
| Enter hero's abilities submenu | 6 | |
| Give item / drop item | 1 | |
| Right click | 1670 | |
| Select / deselect | 456 | |
| Select group hotkey | 880 | |
| Use ability | 89 | |
3313 total
» units
| Peasant | 21 | |
| Footman | 12 | |
| Knight | 10 | |
43 total
» upgrades
| Defend | 1 | |
| Plating | 3 | |
| Swords | 3 | |
| Animal War Training | 1 | |
| Lumber Harvesting | 2 | |
| Backpack | 1 | |
11 total
» buildings
| Altar of Kings | 1 | |
| Farm | 18 | |
| Barracks | 3 | |
| Lumber Mill | 1 | |
| Scout Tower | 15 | |
| Guard Tower | 10 | |
| Blacksmith | 1 | |
| Keep | 3 | |
| Castle | 1 | |
| Arcane Vault | 1 | |
| Town Hall | 2 | |
56 total
» build order
00:03 Altar of Kings
00:05 Farm
00:29 Barracks
00:44 Farm
00:58 Farm
01:48 Lumber Mill
01:58 Farm
02:38 Barracks
02:44 Scout Tower
03:16 Farm
03:19 Guard Tower
03:55 Farm
04:08 Farm
04:12 Farm
04:49 Scout Tower
05:36 Farm
05:43 Guard Tower
06:07 Blacksmith
06:27 Scout Tower
06:36 Keep
06:37 Keep
06:37 Keep
06:56 Guard Tower
07:01 Scout Tower
07:05 Scout Tower
07:38 Farm
08:35 Guard Tower
09:05 Castle
09:08 Farm
10:15 Farm
10:51 Arcane Vault
10:55 Farm
11:46 Scout Tower
12:38 Scout Tower
12:40 Guard Tower
15:27 Scout Tower
15:56 Guard Tower
16:04 Guard Tower
16:04 Guard Tower
16:22 Farm
17:14 Farm
17:24 Farm
17:26 Farm
18:09 Scout Tower
19:00 Scout Tower
19:01 Guard Tower
19:10 Farm
19:45 Town Hall
26:38 Barracks
27:44 Scout Tower
27:45 Scout Tower
27:46 Scout Tower
27:47 Scout Tower
27:49 Scout Tower
28:11 Guard Tower
28:59 Town Hall
» items
| Lesser Clarity Potion | 1 | |
| Healing Salve | 2 | |
| Scroll of Town Portal | 1 | |
| Staff of Sanctuary | 1 | |
5 total
archie (
blue | 46 APM | 2307 actions | 49:43)
8 Blademaster
3 Wind Walk
3 Critical Strike
1 Bladestorm
1 Mirror Image
» actions
| Assign group hotkey | 52 | |
| Basic commands | 12 | |
| Build / train | 91 | |
| Enter build submenu | 23 | |
| Enter hero's abilities submenu | 8 | |
| Give item / drop item | 1 | |
| Remove unit from queue | 20 | |
| Right click | 894 | |
| Select / deselect | 286 | |
| Select group hotkey | 814 | |
| Use ability | 106 | |
2307 total
» units
| Peon | 11 | |
| Grunt | 5 | |
| Shaman | 10 | |
| Tauren | 7 | |
| Troll Headhunter/Berserker | -2 | |
31 total
» upgrades
| Pillage | 1 | |
| Berserker Strength | 1 | |
| Melee Weapons | 3 | |
| Armor | 3 | |
| Shaman Training | 2 | |
| Pulverize | 1 | |
| Berserker Upgrade | 0 | |
| Troll Regeneration | 0 | |
11 total
» buildings
| Altar of Storms | 4 | |
| Orc Burrow | 19 | |
| Barracks | 1 | |
| Voodoo Lounge | 1 | |
| Stronghold | 1 | |
| War Mill | 1 | |
| Spirit Lodge | 1 | |
| Fortress | 1 | |
| Tauren Totem | 2 | |
| Great Hall | 2 | |
33 total
» build order
00:10 Altar of Storms
00:16 Orc Burrow
00:21 Altar of Storms
00:29 Barracks
01:49 Orc Burrow
02:05 Voodoo Lounge
03:13 Stronghold
04:50 War Mill
05:41 Spirit Lodge
05:55 Orc Burrow
05:56 Orc Burrow
05:58 Orc Burrow
05:59 Orc Burrow
06:55 Fortress
09:21 Tauren Totem
09:28 Tauren Totem
10:17 Great Hall
21:16 Great Hall
21:30 Orc Burrow
21:31 Orc Burrow
21:31 Orc Burrow
26:33 Altar of Storms
27:18 Orc Burrow
27:42 Orc Burrow
28:03 Orc Burrow
28:04 Orc Burrow
28:06 Orc Burrow
28:08 Orc Burrow
28:10 Orc Burrow
28:11 Orc Burrow
28:14 Orc Burrow
31:00 Altar of Storms
31:03 Orc Burrow
» items
| Lesser Clarity Potion | 2 | |
| Scroll of Speed | 2 | |
| Healing Salve | 3 | |
| Potion of Healing | 3 | |
| Potion of Mana | 4 | |
| Orb of Lightning | 3 | |
| Scroll of Town Portal | 4 | |
| Scroll of Protection | 1 | |
| Boots of Speed | 1 | |
| Potion of Lesser Invulnerability | 1 | |
| Orb of Fire | 1 | |
25 total
IPEONURFACE (
yellow | 19 APM | 604 actions | 31:47)
5 Beastmaster
2 Summon Bear
3 Summon Hawk
» actions
| Build / train | 52 | |
| Enter build submenu | 18 | |
| Enter hero's abilities submenu | 5 | |
| Remove unit from queue | 2 | |
| Right click | 302 | |
| Select / deselect | 190 | |
| Use ability | 35 | |
604 total
» units
| Peon | 14 | |
| Grunt | 4 | |
| Raider | 7 | |
| Razormane Medicine Man | 2 | |
27 total
» upgrades
| Melee Weapons | 3 | |
| Armor | 2 | |
| Pillage | 1 | |
| Ranged Weapons | 1 | |
| Spiked Barricades | 2 | |
| Ensnare | 1 | |
10 total
» buildings
| Orc Burrow | 5 | |
| War Mill | 1 | |
| Barracks | 1 | |
| Altar of Storms | 1 | |
| Stronghold | 1 | |
| Beastiary | 1 | |
| Fortress | 1 | |
| Great Hall | 2 | |
| Voodoo Lounge | 1 | |
| Watch Tower | 4 | |
18 total
» build order
00:24 Orc Burrow
00:42 War Mill
00:59 Barracks
01:19 Orc Burrow
01:42 Altar of Storms
03:31 Stronghold
05:54 Beastiary
06:05 Orc Burrow
06:48 Fortress
07:21 Great Hall
08:23 Orc Burrow
08:48 Voodoo Lounge
09:43 Orc Burrow
16:38 Great Hall
17:32 Watch Tower
17:37 Watch Tower
18:08 Watch Tower
18:12 Watch Tower
» items
Chat log
(00:12 / All) KrustyKrabPizza: I'M A GOOFY GOOBER!
(00:13 / Allies) eredan: hi plan
(00:22 / All) BillBurr: i want to eat some poop
(00:27 / All) ticstra123: atfu
(00:34 / All) 1000-SIT-UPS: i will win for robert griffin 3rd
(01:43 / All) KrustyKrabPizza: RGIII first to 16 losses
(01:51 / All) 1000-SIT-UPS: stafford was
(01:59 / All) BillBurr: will someone poop in my mouth please
(01:59 / All) KrustyKrabPizza: Nuh uh
(02:10 / All) KrustyKrabPizza: if they did get 16 losses
(02:13 / All) KrustyKrabPizza: he didn't play full season
(02:32 / All) 1000-SIT-UPS: rg3 in tough division, he'll go all cam newton on them
(02:34 / All) KrustyKrabPizza: pretty sure no one has gone 16 losses
(02:43 / All) KrustyKrabPizza: They will have full season
(02:46 / All) KrustyKrabPizza: off season
(02:49 / All) KrustyKrabPizza: He will get raped week 1
(03:29 / All) BillBurr: so no one will poop?
(05:26 / Allies) eredan: lets hit
(05:57 / All) ticstra123: pink can you clear tht for me>?
(06:09 / All) ticstra123: ty
(06:40 / Allies) KrustyKrabPizza: wood?
(06:42 / Allies) eredan: lets go
(07:05 / All) ticstra123: ty
(09:40 / Allies) eredan: pls gold
(09:55 / Allies) eredan: ty
(09:58 / Allies) archie: meet
(10:09 / Allies) eredan: i need expo
(11:15 / Allies) eredan: coming
(11:16 / Allies) archie: help!!1
(13:22 / All) ticstra123: i need wood
(13:48 / All) BillBurr: TEAL
(13:49 / All) BillBurr: GTFO
(13:59 / All) KrustyKrabPizza: Alright
(14:01 / All) KrustyKrabPizza: If you insist
(15:03 / Allies) archie: stay
(16:53 / Allies) eredan: pls woo
(16:54 / Allies) eredan: wood
(17:11 / Allies) eredan: ty
(17:48 / Allies) archie: yellow move
(18:51 / Allies) KrustyKrabPizza: hit that base
(18:53 / Allies) eredan: sht
(18:56 / Allies) eredan: need aa
(19:01 / Allies) KrustyKrabPizza: getting dhawks
(19:17 / Allies) KrustyKrabPizza: NO
(19:19 / Allies) KrustyKrabPizza: THAT IS MASS TOWERED
(19:22 / Allies) KrustyKrabPizza: KILL RED BASE!
(19:33 / Allies) eredan: kk
(19:34 / Allies) eredan: rd
(20:01 / All) KrustyKrabPizza: such hostility
(20:03 / Allies) archie: main
(20:04 / All) BillBurr: lucky
(20:09 / All) BillBurr: my stun guy was away
(22:23 / All) ticstra123: gg
(22:28 / All) BillBurr: lmao
(22:30 / All) BillBurr: red had 6 k
(22:47 / Allies) KrustyKrabPizza: wood
(23:42 / Allies) eredan: pls 200g
(25:33 / All) KrustyKrabPizza: The cavalry is on the way
(25:54 / Allies) eredan: wtd with you
(26:45 / Allies) IPEONURFACE: teal wtf
(27:24 / All) KrustyKrabPizza: north of blue's base
(27:31 / Allies) eredan: fuck you
(28:35 / All) archie: teal tard troll
(29:29 / All) 1000-SIT-UPS: god i raped u guys 1v4
(29:32 / All) 1000-SIT-UPS: u should feel embarased
(29:49 / Allies) eredan: L
(29:51 / Allies) eredan: lLL
(29:52 / Allies) eredan: d
(29:56 / All) IPEONURFACE: that u did
(30:03 / All) archie: 1
(30:21 / All) KrustyKrabPizza: I am the GOD of this game
(30:36 / All) KrustyKrabPizza: I decide who shall win and who shall lose
(30:42 / All) archie: troll
(30:58 / All) KrustyKrabPizza: Shut your irreverant mouth, Archie
(31:00 / All) KrustyKrabPizza: You faggot
(31:02 / Allies) eredan: pls 10 g for mi hero
(32:01 / All) KrustyKrabPizza: Archie do you want to win?
(34:18 / All) KrustyKrabPizza: Don't try to run
(34:24 / All) KrustyKrabPizza: You'll only end up with a dick in your ass
(35:09 / Allies) archie: you have enough wood lol
(36:10 / Allies) archie: could have left me with a hero dude.
(36:28 / All) KrustyKrabPizza: Tell them the rules, Green
(36:34 / All) KrustyKrabPizza: Blue is confused
(37:00 / All) archie: im not confused. just kill yourself for ll i care
(37:01 / All) 1000-SIT-UPS: let me ask pink
(37:02 / All) 1000-SIT-UPS: yes
(37:17 / All) 1000-SIT-UPS: pink will you be willing to leave your computer and internet on all night?
(37:20 / All) 1000-SIT-UPS: to get the win?
(37:23 / All) 1000-SIT-UPS: same question to you, blue
(37:27 / All) BillBurr: yup
(37:31 / All) 1000-SIT-UPS: u would?
(37:35 / All) 1000-SIT-UPS: ok listen up blue and pink
(37:50 / All) 1000-SIT-UPS: me and teal are friends, u both have equal chance at victory, we dont care which side wins
(38:07 / All) 1000-SIT-UPS: me and teal will kill all units, including our own, and leave one building on each side
(38:10 / All) archie: thats nice.
(38:13 / All) 1000-SIT-UPS: person with best connection wins
(38:22 / All) 1000-SIT-UPS: is that fair?
(38:46 / All) archie: cool sounds fun ill stay.
(38:54 / All) KrustyKrabPizza: We should just let pink win
(38:55 / All) 1000-SIT-UPS: im gonn akill my units too pink
(38:55 / All) BillBurr: wtf greeen
(38:58 / All) BillBurr: nooooooooooooooooooooooooooooooooooooooooooooooooooo"
(38:59 / All) 1000-SIT-UPS: its not personal
(39:03 / All) BillBurr: he is killing my great hall
(39:08 / All) BillBurr: well now I lose rank
(39:12 / All) KrustyKrabPizza: lol
(39:14 / All) BillBurr: because you fuck around with your friend
(39:16 / All) KrustyKrabPizza: Maybe not
(39:24 / All) KrustyKrabPizza: stand off it is
(39:29 / All) 1000-SIT-UPS: he loses rank from a 20-28 record
(39:30 / All) KrustyKrabPizza: or not
(39:33 / All) KrustyKrabPizza: LOl
(39:39 / All) KrustyKrabPizza: what is he talking about
(39:46 / All) archie: i dont care about rank. im a shrink. its interesting to me.
(39:47 / All) KrustyKrabPizza: lol!
(39:50 / All) KrustyKrabPizza: I was saying pink should win
(39:55 / All) KrustyKrabPizza: since he sucked
(39:58 / All) 1000-SIT-UPS: shrinks dont play video games
(39:59 / All) KrustyKrabPizza: but that was comical
(40:29 / All) archie: just kill yourself teal green deserves it.
(40:48 / All) archie: i actually think green is ahead of you.
(40:56 / All) 1000-SIT-UPS: ahead of him in what regard?
(41:05 / All) archie: you atre more dead.
(41:15 / All) 1000-SIT-UPS: dead in game or real life?
(41:31 / All) 1000-SIT-UPS: i know we played archie before
(41:35 / All) archie: umm. game.
(41:48 / All) KrustyKrabPizza: What psychological profiles have you compiled blue?
(41:53 / All) archie: i dont make threats.
(42:03 / All) KrustyKrabPizza: Interesting
(42:05 / All) KrustyKrabPizza: tell me more
(42:11 / All) archie: blue. oh hes a cool guy.
(42:14 / All) KrustyKrabPizza: Now when you say you don't make threats
(42:25 / All) KrustyKrabPizza: Do you mean you don't threaten physical harm to others?
(42:42 / All) archie: not much.
(43:06 / All) 1000-SIT-UPS: archie was in that game on golems with that theory- player
(43:27 / All) archie: how did i do?
(43:54 / All) KrustyKrabPizza: Archie, do you masturbate with your whole hand or do you like to maneuver with 2 fingers and a thumb?
(44:05 / All) 1000-SIT-UPS: u were only in the game 4 min
(44:07 / All) 1000-SIT-UPS: lvl 1 fs
(44:09 / All) 1000-SIT-UPS: i remember
(44:12 / All) 1000-SIT-UPS: oh yea he left early
(44:40 / All) archie: i use both backs of my hands.
(44:42 / All) 1000-SIT-UPS: i doubt archi is a shrink
(44:54 / All) KrustyKrabPizza: Wow, that's unique.
(45:00 / All) KrustyKrabPizza: That really says a lot about you, Archie.
(45:06 / All) KrustyKrabPizza: I think you come from the planet Pluto.
(45:50 / All) 1000-SIT-UPS: nowhere to tp forgot
(46:16 / All) 1000-SIT-UPS: archie whats ur favorite movie
(46:18 / All) KrustyKrabPizza: I find myself on the planet Ogo, part of an intellectual elite, preparing to subjugate the barbarian hordes on Pluto
(48:13 / All) archie: when you are on opposite teams does one of you ever lose?
(48:15 / All) 1000-SIT-UPS: no idea why rod ranges when games like this end like this
(48:22 / All) KrustyKrabPizza: lol
(48:31 / All) KrustyKrabPizza: he doesn't rage
(48:33 / All) archie: just curious?
(48:34 / All) KrustyKrabPizza: what are you talking about
(48:35 / All) 1000-SIT-UPS: we dont do this for wins blue
(48:38 / All) KrustyKrabPizza: he's not mad at all
(48:52 / All) KrustyKrabPizza: He just SEEMS to get really angry
(48:56 / All) archie: no i mean like does your plan ever not work?
(49:09 / All) KrustyKrabPizza: He just SEEMS to act like an hysterical bitch
(49:17 / All) KrustyKrabPizza: overly emotional little girl
(49:22 / All) 1000-SIT-UPS: 1 build left
(49:27 / All) KrustyKrabPizza: because emotions are hard to convery via text
(49:36 / All) 1000-SIT-UPS: u can tsotp me from killing that last tower